 Dungeon Crawl Stone Soup version 0.27-a0-1557-g57f10a385c (webtiles) character file.

Game seed: 160184941985256893

826721 Mesmaeker13 the Pyromancer (level 27, -3/213 HPs)
             Began as a Purple Draconian Fire Elementalist on July 12, 2021.
             Was the Champion of Vehumet.
             Slain by a reaper (30 damage)
             ... called by a doom hound
             ... on level 1 of Tartarus on July 15, 2021.
             The game lasted 06:29:42 (127161 turns).

Mesmaeker13 the Pyromancer (DrFE)                 Turns: 127161, Time: 06:29:43

Health: -3/213     AC: 19    Str:  8    XL:     27
Magic:  33/65      EV: 23    Int: 27    God:    Vehumet [******]
Gold:   5611       SH: 20    Dex: 12    Spells: 2/66 levels left

rFire    + + +     SeeInvis +   N - +9 eveningstar (holy)
rCold    . . .     Faith    .   k - +2 kite shield {rPois}
rNeg     + + +     Spirit   .   (armour unavailable)
rPois    +         Reflect  +   q - +2 hat
rElec    +         Harm     .   y - scarf {repulsion}
rCorr    +         Rampage  .   e - +0 pair of gloves of the Forest {rCorr MP+9}
Will     +++++     Rnd*Rage +   u - +2 pair of boots
Stlth    ++........             t - amulet of Perfectionism {Reflect rN+++ rCorr Str-3 Dex+4 SH+5}
HPRegen  0.45/turn              z - ring "Yxtuh" {rElec Will+++ Str-2 Int+2 SInv}
MPRegen  0.39/turn              Y - ring "Wuduss" {Contam rF+++ MP+9 EV+4 Dex-5}

@: studying Unarmed Combat, repel missiles
A: breathe power, AC +13, unfitting armour, cold-blooded, berserk 1, sense
surroundings 1, poison resistance
}: 6/15 runes: decaying, slimy, silver, obsidian, abyssal, gossamer
a: Breathe Dispelling Energy, Renounce Religion


You were on level 1 of Tartarus.
You worshipped Vehumet.
Vehumet was exalted by your worship.
You visited 14 branches of the dungeon, and saw 66 of its levels.
You visited the Abyss 3 times.
You also visited: Trove, Ice Cave, Wizlab and Desolation.

You collected 8897 gold pieces.
You spent 3286 gold pieces at shops.

Inventory:

Hand Weapons
 s - the +7 sceptre of Asmodeus
   (You took it off Asmodeus on level 7 of Gehenna)

   It can be evoked to summon fiery demons, with success rate depending on
   Evocations skill.
   Those summoned this way will remain friendly only for a limited time.
 N - a +9 eveningstar of holy wrath (weapon)
Missiles
 K - a throwing net
 U - 7 curare-tipped darts (quivered)
Armour
 e - the +0 pair of gloves of the Forest (worn) {rCorr MP+9}
   (You took it off Nikola on level 1 of the Depths)

   MP:        It affects your magic capacity (+9).
   rCorr:     It protects you from acid and corrosion.
 i - the +0 cloak of Vehumet's Outrage {rElec rPois rC- SInv}
   (You acquired it on level 3 of the Crypt)

   rC:        It makes you vulnerable to cold.
   rElec:     It insulates you from electricity.
   rPois:     It protects you from poison.
   SInv:      It lets you see invisible.
 k - a +2 kite shield of poison resistance (worn)
 q - a +2 hat (worn)
 u - a +2 pair of boots (worn)
 y - a scarf of repulsion (worn)
 L - a +2 tower shield of cold resistance
 O - a +2 cloak of willpower
Magical Staves
 x - a staff of conjuration
Jewellery
 b - the amulet "Boage" {Regen+ Int+7}
   (You took it off a balrug on level 7 of Gehenna)

   [amulet of regeneration]

   Int:       It affects your intelligence (+7).
   Regen:     It increases your rate of health regeneration.
 c - the ring "Kapnutao" {Wiz MP+9 SInv}
   (You found it on level 1 of the Depths)

   [ring of wizardry]

   It improves your spell success rate.
   MP:        It affects your magic capacity (+9).
   SInv:      It lets you see invisible.
 f - the ring of Xujauboh {rElec rF+ rC+ rN+ Dex+3}
   (You acquired it on level 2 of the Depths)

   [ring of positive energy]

   Dex:       It affects your dexterity (+3).
   rF:        It protects you from fire.
   rC:        It protects you from cold.
   rElec:     It insulates you from electricity.
   rN:        It protects you from negative energy.
 t - the amulet of Perfectionism (around neck) {Reflect rN+++ rCorr Str-3 Dex+4 SH+5}
   (You found it in a treasure trove)

   [amulet of reflection]

   It reflects blocked missile attacks.
   Str:       It affects your strength (-3).
   Dex:       It affects your dexterity (+4).
   rN:        It renders you almost immune to negative energy.
   rCorr:     It protects you from acid and corrosion.
   SH:        It affects your SH (+5).
 z - the ring "Yxtuh" (left hand) {rElec Will+++ Str-2 Int+2 SInv}
   (You found it on level 6 of the Lair of Beasts)

   [ring of see invisible]

   Str:       It affects your strength (-2).
   Int:       It affects your intelligence (+2).
   rElec:     It insulates you from electricity.
   SInv:      It lets you see invisible.
   Will:      It greatly increases your willpower.
 D - the ring "Gaebeo" {rPois rN+ rCorr}
   (You found it in a treasure trove)

   [ring of resist corrosion]

   rPois:     It protects you from poison.
   rN:        It protects you from negative energy.
   rCorr:     It protects you from acid and corrosion.
 I - the ring of the Kraken {rF+ Will++ AC+4 Stlth+}
   (You bought it in a shop on level 9 of the Dungeon)

   [ring of protection]

   AC:        It affects your AC (+4).
   rF:        It protects you from fire.
   Will:      It greatly increases your willpower.
   Stlth:     It makes you more stealthy.
 Y - the ring "Wuduss" (right hand) {Contam rF+++ MP+9 EV+4 Dex-5}
   (You took it off a deep elf zephyrmancer on level 3 of the Elven Halls)

   [ring of evasion]

   EV:        It affects your evasion (+4).
   Dex:       It affects your dexterity (-5).
   rF:        It renders you almost immune to fire.
   MP:        It affects your magic capacity (+9).
   Contam:    It causes magical contamination when unequipped.
Wands
 o - a wand of acid (67)
 A - a wand of digging (47)
Scrolls
 d - 16 scrolls of teleportation
 g - 8 scrolls of immolation
 l - 4 scrolls of holy word
 n - 3 scrolls of enchant armour
 p - 5 scrolls of magic mapping
 r - 4 scrolls of summoning
 w - 6 scrolls of fog
 E - a scroll of amnesia
 G - 3 scrolls of blinking
 H - 29 scrolls of identify
 M - 4 scrolls of fear
Potions
 a - 17 potions of curing
 h - 8 potions of lignification
 j - a potion of berserk rage
 m - 12 potions of heal wounds
 B - 4 potions of mutation
 C - 2 potions of magic
 F - a potion of brilliance
 J - 2 potions of cancellation
 P - 5 potions of might
 Q - 3 potions of resistance
 R - 4 potions of ambrosia
 V - 4 potions of flight


   Skills:
 + Level 11.3 Fighting
 - Level 12.1 Maces & Flails
 - Level 16.5 Dodging
 - Level 1.7 Stealth
 - Level 16.2 Shields
 - Level 20.0 Spellcasting
 + Level 23.5 Conjurations
 - Level 6.0 Hexes
 - Level 14.2 Summonings
 - Level 24.1 Fire Magic
 + Level 23.5 Earth Magic


You had 2 spell levels left.
You knew the following spells:

 Your Spells              Type           Power      Damage    Failure   Level
a - Spellforged Servitor  Conj/Summ      46%        N/A       1%          7
b - Fire Storm            Conj/Fire      51%        8d13      2%          9
c - Fireball              Conj/Fire      51%        3d20      0%          5
d - Ignition              Fire           51%        3d14      1%          8
e - Passwall              Tmut/Erth      61%        N/A       1%          2
f - Bolt of Magma         Conj/Fire/Erth 50%        4d20      0%          5
g - Iron Shot             Conj/Erth      50%        9d10      0%          6
h - Lehudib's Crystal Sp  Conj/Erth      50%        10d12     1%          8
i - Lee's Rapid Deconstr  Erth           50%        3d25*     0%          5
j - Shatter               Erth           50%        3d38*     2%          9

Your spell library contained the following spells:

 Spells                   Type           Power      Damage    Failure   Level
 Polar Vortex             Ice            13%        N/A       100%        9
 Foxfire                  Conj/Fire      100%       2x1d9     0%          1
 Magic Dart               Conj           100%       1d8       0%          1
 Summon Small Mammal      Summ           100%       N/A       0%          1
 Call Imp                 Summ           81%        N/A       0%          2
 Animate Skeleton         Necr           54%        N/A       1%          1
 Apportation              Tloc           54%        N/A       1%          1
 Corona                   Hex            62%        N/A       1%          1
 Pain                     Necr           100%       1d9       1%          1
 Ensorcelled Hibernation  Hex/Ice        86%        N/A       1%          2
 Slow                     Hex            56%        N/A       1%          2
 Blink                    Tloc           N/A        N/A       2%          2
 Corpse Rot               Necr/Air       N/A        N/A       2%          2
 Sublimation of Blood     Necr           13%        N/A       2%          2
 Wereblood                Tmut           27%        N/A       2%          2
 Call Canine Familiar     Summ           81%        N/A       0%          3
 Conjure Flame            Conj/Fire      100%       6-21      0%          3
 Dazzling Flash           Conj/Hex       100%       N/A       0%          3
 Inner Flame              Hex/Fire       83%        N/A       0%          3
 Stone Arrow              Conj/Erth      100%       3d13      0%          3
 Sticky Flame             Conj/Fire      100%       2d11      0%          4
 Iskenderun's Battlesphe  Conj           100%       2d15      0%          5
 Starburst                Conj/Fire      51%        8x6d14    0%          6
 Confusing Touch          Hex            56%        N/A       1%          3
 Ignite Poison            Fire/Tmut/Pois 63%        N/A       1%          3
 Mephitic Cloud           Conj/Pois/Air  62%        N/A       1%          3
 Portal Projectile        Hex/Tloc       86%        N/A       1%          3
 Summon Guardian Golem    Hex/Summ       69%        N/A       1%          3
 Tukima's Dance           Hex            56%        N/A       1%          3
 Cause Fear               Hex            28%        N/A       1%          4
 Fulminant Prism          Conj/Hex       41%        3d20      1%          4
 Hailstorm                Conj/Ice       74%        3d15      1%          4
 Iskenderun's Mystic Bla  Conj/Tloc      74%        2d15      1%          4
 Leda's Liquefaction      Hex/Erth       41%        N/A       1%          4
 Petrify                  Tmut/Erth      74%        N/A       1%          4
 Summon Lightning Spire   Summ/Air       60%        N/A       1%          4
 Freezing Cloud           Conj/Ice/Air   31%        6-21      1%          5
 Irradiate                Conj/Tmut      37%        3d25      1%          5
 Summon Mana Viper        Hex/Summ       69%        N/A       1%          5
 Conjure Ball Lightning   Conj/Air       37%        3x3d12    1%          6
 Shadow Creatures         Summ           N/A        N/A       1%          6
 Statue Form              Tmut/Erth      49%        N/A       1%          6
 Orb of Destruction       Conj           50%        9d15      1%          7
 Summon Forest            Summ/Tloc      30%        N/A       2%          5
 Yara's Violent Unravell  Hex/Tmut       21%        3d10      3%          5
 Summon Hydra             Summ           40%        N/A       3%          7
 Gell's Gravitas          Tloc           13%        N/A       4%          3
 Lesser Beckoning         Tloc           13%        N/A       4%          3
 Ozocubu's Armour         Ice            27%        N/A       4%          3
 Swiftness                Air            27%        N/A       4%          3
 Teleport Other           Tloc           27%        N/A       4%          3
 Vampiric Draining        Necr           13%        2d7       4%          3
 Metabolic Englaciation   Hex/Ice        21%        N/A       12%         5
 Dispel Undead            Necr           27%        3d13      16%         4
 Invisibility             Hex            28%        N/A       19%         6
 Summon Horrible Things   Summ           40%        N/A       30%         8
 Agony                    Necr           27%        N/A       38%         5
 Alistair's Intoxication  Tmut/Pois      18%        N/A       38%         5
 Manifold Assault         Tloc           27%        N/A       38%         5
 Eringya's Noxious Bog    Tmut/Pois      13%        N/A       50%         6
 Malign Gateway           Summ/Tloc      30%        N/A       56%         7
 Death Channel            Necr           13%        N/A       93%         6
 Dispersal                Tloc           13%        N/A       93%         6
 Simulacrum               Ice/Necr       13%        N/A       93%         6
 Dragon's Call            Summ           40%        N/A       99%         9
 Storm Form               Tmut/Air       13%        N/A       100%        7
 Borgnjor's Revivificati  Necr           13%        N/A       100%        8
 Discord                  Hex            28%        N/A       100%        8
 Disjunction              Tloc           13%        N/A       100%        8
 Infestation              Necr           13%        N/A       100%        8
 Maxwell's Capacitive Co  Air            13%        ∞         100%        8
 Death's Door             Necr           13%        N/A       100%        9


Dungeon Overview and Level Annotations

Branches:
Dungeon (15/15)            Temple (0/1) D:7            Lair (6/6) D:8
  Swamp (4/4) Lair:4       Spider (4/4) Lair:4        Slime (5/5) Lair:6
    Orc (2/2) D:9             Elf (3/3) Orc:2        Vaults (5/5) D:13
  Crypt (3/3) Vaults:2       Tomb (0/3) Crypt:3      Depths (5/5) D:15
   Hell (visited)             Dis (0/7) Hell            Geh (7/7) Hell
    Coc (0/7) Hell            Tar (1/7) Hell            Zot (5/5) Depths:5
  IceCv (visited)          WizLab (visited)         Desolation (visited)

Altars:
Cheibriados
Elyvilon
Fedhas
Gozag
Kikubaaqudgha
Makhleb
Nemelex Xobeh
Qazlal
Ru
Sif Muna
Vehumet
Wu Jian
Xom
Zin
The Shining One

Shops:
D:1 [   D:9 ?=[:!   D:10 *[   Orc:2 ?:**   Elf:2 ?   Elf:3 *   Vaults:1 ?
Depths:2 ?(

Portals:
Hell: Depths:1 Depths:2 Depths:3 Depths:4 Depths:5
Abyss: Depths:3 Depths:4 Depths:5
Pandemonium: Depths:3
Ziggurat: Depths:4

Annotations:
D:4 4 exclusions
Orc:1 2 transporters, Jisim's ghost, journeyman HuGl
Elf:2 4 runed translucent doors, Tuopar's ghost, journeyman SpBr
Vaults:5 Sojobo
Depths:5 exclusion: door


Innate Abilities, Weirdness & Mutations

You can breathe bolts of dispelling energy.
Your rich purple scales are hard. (AC +13)
You cannot fit into any form of body armour.
You are cold-blooded and may be slowed by cold attacks.
You tend to lose your temper in combat.
You passively map a small area around you.
Your system is resistant to poisons. (rPois)


Message History

The quicksilver dragon skeleton claws you but does no damage.
The doom hound bites your spellforged servitor!
The doom hound claws your spellforged servitor.
Your spellforged servitor points at the doom hound and mumbles some strange words.
The crystal spear misses the doom hound.
Unknown command.
Casting: Ignition (mildly dangerous; 1% risk of failure)
Confirm with . or Enter, or press ? or * to list all spells.
Aiming: Iron Shot (safe; 0% risk of failure)
Press: ? - help, Shift-Dir - straight line, f - doom hound
Aim: a doom hound (lightly wounded, ally target, 69% to hit)
The iron shot hits the doom hound!!!
The doom hound is severely wounded.
You block the quicksilver dragon skeleton's attack.
The quicksilver dragon skeleton claws you but does no damage.
The doom hound bites you!!
* * * LOW HITPOINT WARNING * * *
The doom hound claws you!
* * * LOW HITPOINT WARNING * * *
Your spellforged servitor points at the doom hound and mumbles some strange words.
The crystal spear hits the doom hound!!!
You block the reaper's attack.
Casting: Iron Shot (safe; 0% risk of failure)
Confirm with . or Enter, or press ? or * to list all spells.
Aiming: Iron Shot (safe; 0% risk of failure)
Press: ? - help, Shift-Dir - straight line, f/p - doom hound
Aim: a doom hound (almost dead, ally target, 69% to hit)
The iron shot hits the doom hound!!!
You kill the doom hound!
Vehumet accepts your kill.
You feel your power returning.
The quicksilver dragon skeleton barely misses you.
You block the quicksilver dragon skeleton's attack.
You block the reaper's attack.
The quicksilver dragon skeleton barely misses you. x2
The quicksilver dragon skeleton bites you.
* * * LOW HITPOINT WARNING * * *
You block the quicksilver dragon skeleton's attack.
The reaper hits you from afar with a +2 scythe of venom!!
You die...

,*,,,,*,,**,,,,,,*
,*,,***,,,*,,,,,***** *****
*,*,**,,,,* *,* *********
,*,,***,,,,***,****,* *,,,,,,,*
,*,,,,*,,,,,,*,,,,,,* *,,,,,,,,
***,,,,,,,,,,,,*,,,** *,,,,,,** *
*,,,,,,,,,,,,*,,,* *,,,,,,*
****,,,,,**,,,###### *,,,,,**
,,,,,,,,******#.@..# **,,,***
,*,,,,,,* *,,,#Z8..#####,,,,*
,*,,,**,*##.,,#2.......#,,***
**,,,*,,,.....#........#*,*,*
,,,,,*,,..............##,,,,*
*,,,**,,.....##.....#.#,,,,,*****
**,**,,,....,#......#.#*,,,,,**,*
,***,,,,...,,###...##,.*,,,*,*,,*
,,*,,,,,..****,##..#,,,*,,,*,,,,*


You could see a reaper, a quicksilver dragon skeleton (ally target) and a
friendly spellforged servitor (summoned).

Vanquished Creatures
  the Royal Jelly (Slime:5)
  3 ancient liches (Zot:5)
  A dread lich (Zot:5)
  3 orbs of fire
  Khufu (Crypt:1)
  Boris (Crypt:2)
  2 royal mummies (Crypt:1)
  2 Killer Klowns (Zot:5)
  A curse toe (Zot:3)
  Margery (Vaults:2)
  Saint Roka (Vaults:4)
  2 caustic shrikes
  Geryon (Hell)
  3 golden dragons
  A bone dragon (Crypt:3)
  5 doom hounds (Tar:1)
  2 electric golems (Zot:5)
  2 Tzitzimimeh (Tar:1)
  9 tentacled monstrosities
  A Hell Sentinel (Geh:4)
  16 Brimstone Fiends
  10 Orb Guardians
  6 liches
  4 titans (Vaults:5)
  2 sphinxes
  3 deep elf master archers (Elf:3)
  20 acid blobs
  A quicksilver dragon (Zot:5)
  3 death cobs
  A tentacled starspawn (Abyss:3)
  An Executioner (Abyss:3)
  7 ancient champions
  4 tengu reavers
  3 shadow dragons
  Frances (Swamp:1)
  A revenant (Crypt:1)
  Kirke (Lair:5)
  4 thorn hunters
  3 rockslimes
  3 draconian monks
  Donald (Spider:4)
  3 fire giants
  11 draconian knights
  An iron dragon (Zot:4)
  An imperial myrmidon (Desolation)
  14 azure jellies
  7 draconian scorchers
  8 ghost moths
  5 frost giants
  2 orc warlords
  8 balrugs
  3 cacodemons (Abyss:3)
  10 draconian stormcallers
  4 vault wardens
  A spriggan defender (Depths:3)
  Aizul (Lair:4)
  4 draconian shifters
  2 deep elf sorcerers (Elf:3)
  A curse skull (Crypt:3)
  2 deep elf elementalists (Elf:3)
  10 ghouls
  11 ironbound preservers
  12 quicksilver oozes
  8 reapers
  4 stone giants
  23 very ugly things
  2 draconian annihilators
  2 war gargoyles (Hell)
  5 deep elf demonologists
  10 green draconians
  8 vampire knights
  6 black draconians
  9 white draconians
  5 entropy weavers
  Azrael (Elf:2)
  10 purple draconians
  11 red draconians
  13 yellow draconians
  11 spark wasps
  A bunyip (Swamp:2)
  4 deep elf annihilators
  2 eidola (Crypt:2)
  2 eleionomae
  A merfolk javelineer (Depths:2)
  An ettin (Depths:1)
  2 deep elf death magi
  2 fire dragons
  2 shambling mangroves
  4 jiangshi
  3 deep elf high priests
  6 yaktaur captains
  A great orb of eyes (shapeshifter) (D:13)
  25 hydras
  2 ironbound thunderhulks
  7 ice dragons
  A rakshasa (Depths:4)
  A spriggan air mage (Swamp:1)
  A quicksilver dragon skeleton (Geh:1)
  4 boulder beetles
  4 great orbs of eyes
  30 vault guards
  2 servants of whispers (Desolation)
  3 ghost crabs
  3 ogre magi
  2 death knights
  3 peacekeepers
  Erica (D:11)
  2 catoblepae
  8 centaur warriors
  11 death yaks
  An ironbound frostheart (Vaults:1)
  An alligator snapping turtle (Zot:4)
  A two-headed ogre (shapeshifter) (D:15)
  9 dancing weapons
  5 tengu warriors
  4 alligators
  5 deep troll earth magi
  3 deep troll shamans
  14 two-headed ogres
  3 vampire magi
  16 hell hogs
  8 orc high priests
  A spriggan berserker (Depths:3)
  4 ironbound beastmasters
  2 thrashing horrors (Abyss:3)
  27 hell knights
  7 spriggans
  4 soul eaters
  Nergalle (D:10)
  9 deep elf knights
  11 sun demons
  3 spatial maelstroms (Abyss:3)
  3 wretched stars
  3 spriggan druids
  3 goliath frogs
  14 skeletal warriors
  3 anaconda zombies
  27 deep trolls
  A death drake (Swamp:3)
  2 iron trolls (Depths:4)
  A ghost moth zombie (Geh:7)
  A storm dragon skeleton (Crypt:2)
  11 flayed ghosts
  2 quicksilver dragon simulacra
  5 shadow wraiths
  25 large abominations
  7 glowing orange brains
  A golden dragon zombie (Geh:4)
  2 orange crystal statues (IceCv)
  5 bog bodies
  10 swamp dragons
  A lindwurm (shapeshifter) (Vaults:5)
  14 necromancers
  7 lindwurms
  2 shadow demons (Tar:1)
  3 shadow dragon zombies
  7 phantasmal warriors
  15 starcursed masses
  7 deep elf zephyrmancers
  14 wizards
  9 deep elf archers
  10 ironbound convokers
  14 orb spiders
  33 ugly things
  10 orc knights
  4 wolf spider zombies
  13 deep elf pyromancers
  4 oklob plants
  23 wolf spiders
  5 harpies (Vaults:2)
  A shining eye (shapeshifter) (Vaults:5)
  2 orc sorcerers (Orc:1)
  8 cyclopes
  3 fire giant zombies
  5 shining eyes
  A will-o-the-wisp (Swamp:3)
  2 worldbinders
  2 manticores
  15 moths of wrath
  3 fire giant skeletons
  A dire elephant zombie (Geh:3)
  A salamander (Depths:4)
  4 iron dragon skeletons
  4 rust devils
  3 ice statues
  A frost giant skeleton (Geh:7)
  12 molten gargoyles
  13 elephants
  A naga mage (Vaults:1)
  10 black mambas
  2 stone giant skeletons
  7 vault sentinels
  An eye of devastation (Slime:3)
  4 smoke demons
  A gargoyle (D:12)
  2 guardian serpents (Desolation)
  12 cane toads
  A torpor snail (Spider:2)
  A yaktaur zombie (Vaults:3)
  A cane toad (shapeshifter) (D:13)
  An elf skeleton (Depths:2)
  4 unseen horrors
  33 hellions
  An unseen horror (shapeshifter) (D:13)
  Psyche (D:10)
  A rime drake (Lair:6)
  15 yaktaurs
  10 demonic crawlers
  A grey draconian zombie (Crypt:2)
  2 entropy weaver simulacra (IceCv)
  6 efreet
  7 freezing wraiths
  2 ice devils (Hell)
  A tengu conjurer (Depths:1)
  11 komodo dragons
  3 guardian mummies
  12 red devils
  A catoblepas skeleton (Geh:1)
  A harpy zombie (Geh:7)
  12 tormentors
  31 jumping spiders
  2 hydra zombies
  3 very ugly thing simulacra (IceCv)
  2 shadow dragon simulacra (Crypt:2)
  5 trolls
  A meliai (shapeshifter) (D:14)
  5 tyrant leeches
  A hydra skeleton (Geh:6)
  Grinder (D:6)
  2 polar bears
  5 raiju
  3 harpy skeletons
  7 blink frogs
  14 hornets
  7 saltlings (Desolation)
  A slime creature (shapeshifter) (Vaults:5)
  A tarantella zombie (Crypt:1)
  7 dream sheep
  103 slime creatures
  A black mamba zombie (Geh:4)
  4 ettin zombies
  3 ice dragon zombies (Geh:7)
  3 fire dragon skeletons
  2 air elementals (Elf:2)
  56 redbacks
  Sigmund (D:4)
  38 flying skulls
  23 tarantellas
  13 water elementals
  3 ettin skeletons
  2 ice dragon skeletons (Geh:5)
  6 vampires
  4 ynoxinuls (Abyss:1)
  72 yaks
  An alligator skeleton (Hell)
  10 shadows
  8 wyverns
  14 wraiths
  4 hogs
  23 small abominations
  5 steam dragons
  5 fire elementals
  6 basilisks
  3 fire bats
  8 golden eyes
  2 black mamba skeletons
  28 vampire mosquitoes
  5 neqoxecs
  3 wargs
  7 chaos spawn
  4 spatial vortices (Abyss:3)
  Menkaure (D:6)
  19 water moccasins
  A deep troll zombie (Crypt:1)
  An infernal demonspawn zombie (Crypt:1)
  A cane toad zombie (Geh:1)
  4 acid dragons
  3 demonic crawler simulacra (IceCv)
  12 swamp worms
  40 hell hounds
  6 swamp drakes
  2 two-headed ogre skeletons
  48 orc warriors
  A black bear (Lair:4)
  An ice beast (D:7)
  A lindwurm zombie (Crypt:2)
  2 snapping turtle zombies
  A sky beast (D:7)
  2 ugly thing simulacra (IceCv)
  16 ogres
  17 wolves
  8 necrophages
  6 phantoms
  2 manticore skeletons
  11 centaurs
  3 snapping turtle skeletons
  A nameless horror (Desolation)
  A draconian zombie (Crypt:2)
  3 kobold brigands
  Blork the orc (D:6)
  A glowing shapeshifter simulacrum (Vaults:1)
  An earth elemental (Elf:1)
  A wyvern zombie (D:9)
  9 bullfrogs
  A gnoll sergeant (D:8)
  2 scorpions
  A water moccasin zombie (D:6)
  A wyvern skeleton (D:6)
  A troll zombie (Geh:2)
  4 killer bees (D:8)
  44 wights
  5 howler monkeys
  2 electric eels (Lair:5)
  4 centaur zombies
  6 crimson imps
  5 lava snakes (Lair:6)
  A quasit (Abyss:1)
  2 bullfrog zombies
  2 hounds (D:5)
  19 jellies
  A gnoll shaman (D:8)
  40 orc priests
  2 bullfrog skeletons
  2 centaur skeletons (D:7)
  Natasha (twice) (D:4)
  3 iguanas
  26 orc wizards
  A hound skeleton (D:4)
  A mummy (Crypt:1)
  3 howler monkey zombies
  4 gnolls (D:8)
  6 adders
  3 river rats (D:6)
  A shadow imp (D:5)
  5 white imps
  A worm zombie (Crypt:2)
  2 adder skeletons (D:4)
  5 worms (D:6)
  3 dart slugs
  88 orcs
  7 bats
  4 endoplasms
  4 giant cockroaches
  10 goblins
  7 hobgoblins
  8 jackals
  7 quokkas
  8 ball pythons
  3 frilled lizards
  A gnoll skeleton (Crypt:2)
  2 jackal skeletons
  20 kobolds
  A kobold zombie (Crypt:2)
  11 rats
  A bush (Lair:3)
  A fire vortex (Lair:5)
  2 starspawn tentacles (Abyss:3)
2428 creatures vanquished.

Vanquished Creatures (collateral kills)
  Asmodeus (Geh:7)
  3 dread liches
  3 orbs of fire (Zot:5)
  2 ancient liches
  Mara (Swamp:3)
  2 Killer Klowns
  2 curse toes
  Nikola (Depths:1)
  4 golden dragons
  A caustic shrike (Depths:3)
  4 bone dragons
  A Tzitzimitl (Tar:1)
  A shard shrike zombie (Crypt:2)
  A hellephant (Abyss:3)
  11 tentacled monstrosities
  7 liches
  15 Orb Guardians (Zot:5)
  8 Brimstone Fiends
  Asterion (Elf:2)
  2 deep elf blademasters (Elf:3)
  A quicksilver dragon (Zot:5)
  A sphinx (Crypt:3)
  An ancient champion (Crypt:3)
  6 acid blobs
  4 titans
  A tentacled starspawn (Abyss:1)
  4 death cobs
  5 shadow dragons
  3 draconian monks
  5 storm dragons
  Roxanne (Spider:1)
  3 tengu reavers
  7 rockslimes
  2 azure jellies
  5 frost giants
  5 fire giants
  A draconian knight (Zot:1)
  3 imperial myrmidons (Desolation)
  2 iron dragons
  4 emperor scorpions (Spider:4)
  4 deep elf sorcerers (Elf:3)
  16 vault wardens
  2 draconian shifters
  2 draconian stormcallers (Depths:5)
  6 balrugs
  A caustic shrike zombie (Depths:2)
  An orc warlord (Elf:2)
  2 draconian annihilators
  A deep elf elementalist (Elf:3)
  2 ghouls
  9 ironbound preservers
  2 war gargoyles
  A quicksilver ooze (shapeshifter) (D:13)
  27 very ugly things
  2 quicksilver oozes (Slime:5)
  4 vampire knights
  9 reapers
  6 black draconians
  3 halazid warlocks (Desolation)
  A deep elf demonologist (Elf:3)
  8 stone giants
  5 white draconians
  9 green draconians
  9 red draconians
  4 deep elf annihilators
  3 dire elephants
  14 yellow draconians
  12 spark wasps
  7 purple draconians
  3 eidola
  3 blizzard demons
  5 entropy weavers
  7 deep elf death magi
  A crystal guardian (Vaults:3)
  2 jiangshi (Crypt:2)
  7 ettins
  The ghost of ziltoidlt the Summoner, a journeyman OpSu of Hepliaklqana (Lair:5)
  4 fire dragons
  5 yaktaur captains
  A deep elf high priest (Elf:3)
  A merfolk impaler (Depths:2)
  A ragged hierophant (Desolation)
  11 great orbs of eyes
  3 ironbound thunderhulks
  A quicksilver dragon skeleton (Geh:2)
  A hell beast (Depths:3)
  A ghost crab (Vaults:1)
  A salamander tyrant (Depths:4)
  5 boulder beetles
  A spriggan air mage (Depths:4)
  A rakshasa (Abyss:1)
  5 peacekeepers (Desolation)
  4 servants of whispers (Desolation)
  14 ice dragons
  2 vault guards
  4 ogre magi
  5 ironbound frosthearts
  5 two-headed ogres
  2 death yaks (Depths:2)
  14 dancing weapons
  27 hell hogs
  3 deep troll shamans
  A tengu warrior (Depths:1)
  A vampire mage (Depths:1)
  2 orc high priests
  An ironbound beastmaster (Vaults:1)
  4 titan zombies
  3 deep troll earth magi
  3 storm dragon zombies
  2 spriggan berserkers (Depths:4)
  29 hell knights
  3 thrashing horrors (Abyss:4)
  5 soul eaters
  3 deep elf knights
  6 sun demons
  A wretched star (Abyss:1)
  8 iron trolls
  14 skeletal warriors
  A sixfirhy (Depths:3)
  A titan skeleton (Abyss:1)
  2 golden dragon zombies (Geh:2)
  A salamander mystic (Depths:4)
  4 anaconda zombies
  2 shadow demons
  A quicksilver dragon simulacrum (Depths:3)
  3 glowing orange brains
  32 deep trolls
  A swamp dragon (shapeshifter) (Vaults:1)
  A ghost moth zombie (Geh:7)
  7 starcursed masses
  4 shadow dragon zombies
  2 anaconda skeletons (Geh:7)
  9 ironbound convokers
  4 wizards
  5 orb spiders
  3 deep elf archers
  3 lindwurms
  An iron giant skeleton (Crypt:3)
  4 golden dragon skeletons
  12 phantasmal warriors
  16 deep elf zephyrmancers
  5 fire giant zombies
  13 deep elf pyromancers
  5 necromancers
  3 iron dragon zombies
  2 stone giant zombies
  An orc sorcerer (Elf:3)
  2 orc knights (Elf:2)
  3 wolf spiders (Spider:4)
  An orb spider (shapeshifter) (Vaults:5)
  4 frost giant zombies
  34 ugly things
  An iron dragon skeleton (Geh:2)
  2 stone giant skeletons
  A will-o-the-wisp (Abyss:3)
  3 moths of wrath
  4 salamanders (Depths:4)
  2 worldbinders
  An ice statue (Depths:3)
  3 frost giant skeletons
  A human skeleton (Vaults:3)
  A shock serpent zombie (Crypt:2)
  An apocalypse crab (Abyss:1)
  4 fire giant skeletons
  8 vault sentinels
  10 smoke demons
  5 guardian serpents (Desolation)
  An orange demon (Depths:3)
  A storm dragon simulacrum (Vaults:1)
  A rust devil (Hell)
  7 hellions
  A cane toad (shapeshifter) (Abyss:4)
  A yaktaur zombie (Vaults:4)
  5 molten gargoyles
  A catoblepas zombie (Geh:4)
  A minotaur zombie (Geh:7)
  An efreet (Geh:2)
  7 yaktaurs
  An alligator snapping turtle skeleton (Crypt:1)
  An emperor scorpion zombie (Geh:1)
  5 demonic crawlers (Spider:4)
  A spriggan skeleton (Vaults:1)
  2 tengu conjurers
  A freezing wraith (Depths:3)
  A white draconian zombie (Crypt:2)
  6 tormentors
  2 hellwings (Depths:3)
  An elf skeleton (Vaults:1)
  4 hydra zombies
  An ancient zyme (Abyss:3)
  A catoblepas skeleton (Geh:1)
  2 guardian mummies (Crypt:3)
  7 ice devils
  24 red devils
  5 jumping spiders
  12 large abominations
  A troll (Elf:3)
  A tyrant leech (shapeshifter) (Vaults:2)
  An iron troll skeleton (Crypt:1)
  A death drake zombie (Crypt:3)
  2 hydra skeletons
  6 hornets (Spider:4)
  11 raiju
  A harpy skeleton (Geh:1)
  A raiju (shapeshifter) (Depths:2)
  41 slime creatures
  4 blink frogs (Abyss:1)
  A fire dragon zombie (Geh:2)
  41 saltlings (Desolation)
  2 alligator zombies
  2 air elementals
  4 ettin zombies
  18 flying skulls
  16 redbacks
  4 ice dragon skeletons
  An ettin skeleton (Crypt:3)
  An ice dragon zombie (Geh:1)
  10 small abominations
  A vampire (Abyss:1)
  7 water elementals
  2 shadows
  8 wraiths
  5 ynoxinuls
  3 tarantellas (Spider:4)
  A black mamba zombie (Geh:7)
  3 fire dragon skeletons
  20 fire elementals
  3 fire bats (Abyss:1)
  A golden eye (Slime:1)
  2 chaos spawn (Abyss:4)
  2 neqoxecs
  A gelid demonspawn zombie (Geh:7)
  A warg (Vaults:4)
  3 spatial vortices (Abyss:3)
  21 hell hounds
  An orb spider zombie (Crypt:3)
  3 acid dragons (Spider:2)
  A cane toad skeleton (Geh:5)
  3 snapping turtle zombies
  3 orc warriors (Elf:2)
  6 necrophages
  3 manticore zombies
  An ogre (Vaults:5)
  A phantom (Geh:2)
  A swamp dragon skeleton (Geh:4)
  A bullfrog (shapeshifter) (Depths:4)
  5 earth elementals
  8 wights
  A wolf skeleton (Crypt:1)
  5 crimson imps
  10 jellies (Zot:2)
  2 orc priests (Elf:2)
  An iron imp (Abyss:1)
  An orc wizard (Depths:1)
  A naga zombie (Geh:6)
  A steam dragon skeleton (Crypt:3)
  4 white imps
  An iguana zombie (Crypt:3)
  2 orcs
  An orc zombie (Geh:7)
  5 foxfires
1213 creatures vanquished.

Vanquished Creatures (others)
  A draconian knight (Zot:4)
  A black draconian (Zot:1)
  A hell hog (Geh:3)
  A titan skeleton (Geh:7)
  A necromancer (Vaults:2)
  A deep elf zephyrmancer (Elf:1)
  An oklob plant (Lair:6)
  A flying skull (Geh:3)
  2 wraiths
  2 humans (Lair:6)
  A fire elemental (Geh:4)
  A hell hound (Geh:7)
  A cane toad skeleton (Geh:7)
  A centaur zombie (Geh:7)
  A human zombie (Geh:7)
  An orc wizard (Elf:3)
  7 bushes (Lair:6)
  806 foxfires
  54 fungi
  7 pillars of salt (Elf:2)
  93 plants
  2 starspawn tentacles (Abyss:1)
987 creatures vanquished.

Grand Total: 4628 creatures vanquished

Notes
Turn   | Place    | Note
-------+----------+-------------------------------------------
     0 | D:1      | Mesmaeker13 the Draconian Fire Elementalist began the quest
                  | for the Orb.
     0 | D:1      | Reached XP level 1. HP: 14/14 MP: 3/3
   136 | D:1      | Reached XP level 2. HP: 20/20 MP: 1/5
   230 | D:1      | Found Buroill's Antique Armour Emporium.
   319 | D:1      | Found a faded altar of an unknown god.
   972 | D:2      | Reached XP level 3. HP: 26/26 MP: 4/6
  1302 | D:2      | Reached XP level 4. HP: 33/33 MP: 4/7
  2075 | D:3      | Learned a level 4 spell: Sticky Flame
  2374 | D:3      | Reached XP level 5. HP: 38/38 MP: 7/9
  2597 | D:3      | Found a sparkling altar of Nemelex Xobeh.
  2704 | D:3      | Noticed an ogre
  2717 | D:3      | Killed an ogre
  2718 | D:3      | Reached skill level 4 in Fire Magic
  2901 | D:3      | Learned a level 5 spell: Fireball
  2934 | D:4      | Noticed Sigmund
  3057 | D:4      | Found a shimmering altar of Xom.
  3075 | D:4      | Got Kyufaheg's Disquisition on Conjuration
  3576 | D:4      | Reached XP level 6. HP: 45/45 MP: 5/10
  3662 | D:4      | Found a white marble altar of Elyvilon.
  3912 | D:5      | Entered Level 5 of the Dungeon
  4278 | D:5      | Found a radiant altar of Vehumet.
  4279 | D:5      | Found a burning altar of Makhleb.
  4280 | D:5      | Found a sacrificial altar of Ru.
  4288 | D:5      | Became a worshipper of Vehumet
  4599 | D:5      | Found an opulent altar of Gozag.
  4659 | D:5      | Found an ornate altar of the Wu Jian Council.
  4764 | D:5      | Found a snail-covered altar of Cheibriados.
  4794 | D:5      | Reached skill level 5 in Fire Magic
  4794 | D:5      | Your scales start taking on a rich purple colour.
  4794 | D:5      | Reached XP level 7. HP: 50/50 MP: 9/12
  4858 | D:5      | You fall into a shaft and drop 3 floors!
  5395 | D:6      | Noticed a steam dragon
  5400 | D:6      | Killed a steam dragon
  5434 | D:6      | Reached skill level 5 in Conjurations
  5478 | D:6      | Noticed Menkaure
  5493 | D:6      | Killed Menkaure
  5494 | D:6      | Reached skill level 5 in Dodging
  5494 | D:6      | Reached skill level 6 in Fire Magic
  5494 | D:6      | Reached XP level 8. HP: 40/57 MP: 9/13
  5551 | D:6      | Identified the +5 dagger "Jus Ogra" {venom, Str+2 Int-3
                  | SInv}
  5605 | D:6      | Noticed Grinder
  5625 | D:6      | Killed Grinder
  5698 | D:6      | Reached * piety under Vehumet
  5698 | D:6      | Offered knowledge of Freeze by Vehumet.
  5821 | D:6      | Noticed Blork the orc
  5828 | D:6      | Killed Blork the orc
  6280 | D:6      | Found a glowing silver altar of Zin.
  6329 | D:6      | Found an ancient bone altar of Kikubaaqudgha.
  6350 | D:6      | Found the +5 robe of Misfortune {Contam Harm *Corrode Drain
                  | *Slow EV+5}
  6373 | D:6      | Reached skill level 7 in Fire Magic
  7415 | D:4      | Killed Sigmund
  7416 | D:4      | Reached XP level 9. HP: 62/62 MP: 5/14
  7488 | D:4      | Noticed Natasha
  7501 | D:4      | Killed Natasha
  7507 | D:4      | Offered knowledge of Magic Dart by Vehumet.
  7516 | D:4      | Learned a level 1 spell: Magic Dart
  7633 | D:4      | Noticed Natasha
  7636 | D:4      | Killed Natasha
  8272 | D:7      | Reached ** piety under Vehumet
  8295 | D:7      | Found a staircase to the Ecumenical Temple.
  8706 | D:8      | Reached skill level 8 in Fire Magic
  8919 | D:8      | Found a stormy altar of Qazlal.
  8921 | D:8      | Found a blossoming altar of Fedhas.
  9065 | D:8      | Noticed a two-headed ogre
  9073 | D:8      | Killed a two-headed ogre
  9074 | D:8      | Reached XP level 10. HP: 62/69 MP: 11/15
  9212 | D:8      | Reached skill level 9 in Fire Magic
  9368 | D:8      | Offered knowledge of Frozen Ramparts by Vehumet.
  9822 | D:8      | Found a staircase to the Lair.
 10309 | D:8      | Reached *** piety under Vehumet
 10408 | D:9      | Learned a level 3 spell: Inner Flame
 10656 | D:9      | Reached skill level 1 in Hexes
 10904 | D:9      | Found Fuasyiziur's Book Emporium.
 10935 | D:9      | Found Funn's Jewellery Emporium.
 11460 | D:9      | Found Gioqoc's Antique Armour Shoppe.
 11775 | D:9      | Found Movihuav's Magic Scroll Boutique.
 11978 | D:9      | Found a staircase to the Orcish Mines.
 12103 | D:9      | Offered knowledge of Iskenderun's Mystic Blast by Vehumet.
 12175 | D:9      | Found Fukkadgh's Distillery.
 12338 | Lair:1   | Entered Level 1 of the Lair of Beasts
 12338 | Lair:1   | Noticed an eight-headed hydra
 12338 | Lair:1   | Noticed a cane toad
 12348 | D:8      | Killed a cane toad
 12791 | D:8      | Killed an eight-headed hydra
 12792 | D:8      | Reached skill level 10 in Fire Magic
 12792 | D:8      | Reached XP level 11. HP: 64/74 MP: 1/16
 14006 | Lair:1   | Reached skill level 5 in Hexes
 14050 | Lair:1   | Reached skill level 10 in Conjurations
 14384 | Lair:2   | Noticed a six-headed hydra
 14729 | Lair:2   | Identified the +8 war axe of Wu Jian's Scorn {freeze,
                  | Str+5}
 14859 | Lair:1   | Killed a six-headed hydra
 15557 | Lair:2   | Reached skill level 10 in Dodging
 15557 | Lair:2   | Reached skill level 11 in Fire Magic
 16315 | Lair:3   | Noticed a death yak
 16315 | Lair:3   | Noticed a death yak
 16315 | Lair:3   | Noticed a death yak
 16315 | Lair:3   | Noticed a death yak
 16315 | Lair:3   | Noticed a death yak
 16366 | Lair:2   | Killed a death yak
 16511 | Lair:3   | Reached XP level 12. HP: 55/81 MP: 10/17
 16514 | Lair:3   | Reached **** piety under Vehumet
 16685 | Lair:3   | Killed a death yak
 16720 | Lair:2   | Killed a death yak
 16882 | Lair:2   | Offered knowledge of Bolt of Magma by Vehumet.
 16892 | Lair:2   | Learned a level 5 spell: Bolt of Magma
 17192 | Lair:3   | Reached skill level 5 in Spellcasting
 17658 | Lair:3   | Killed a death yak
 18169 | Lair:4   | Noticed an eight-headed hydra
 18432 | Lair:4   | Found a hole to the Spider Nest.
 18712 | Lair:4   | Found a staircase to the Swamp.
 18792 | Lair:4   | Killed an eight-headed hydra
 18793 | Lair:4   | Reached skill level 12 in Fire Magic
 19314 | Lair:4   | Noticed a five-headed hydra
 19326 | Lair:4   | Killed a five-headed hydra
 19327 | Lair:4   | Reached XP level 13. HP: 78/86 MP: 7/23
 19981 | Lair:4   | Reached skill level 1 in Shields
 19981 | Lair:4   | Reached skill level 1 in Earth Magic
 20712 | Lair:4   | Reached ***** piety under Vehumet
 20712 | Lair:4   | Offered knowledge of Ozocubu's Refrigeration by Vehumet.
 21664 | Lair:5   | Found a runed translucent gate.
 21664 | Lair:5   | Found a runed translucent gate.
 21664 | Lair:5   | Found a runed translucent gate.
 21667 | Lair:5   | Noticed ziltoidlt's ghost (journeyman OpSu)
 22463 | Lair:6   | Entered Level 6 of the Lair of Beasts
 23224 | Lair:6   | Noticed Kirke
 23467 | Lair:5   | Killed Kirke
 23630 | Lair:6   | Found a shimmering blue altar of Sif Muna.
 23661 | Lair:5   | Reached XP level 14. HP: 93/93 MP: 21/27
 23685 | Lair:5   | Learned a level 7 spell: Spellforged Servitor
 23726 | Lair:6   | Reached skill level 13 in Fire Magic
 23935 | Lair:6   | Found a staircase to the Slime Pits.
 24305 | Lair:6   | Reached skill level 1 in Summonings
 24602 | Lair:6   | Reached skill level 5 in Shields
 24602 | Lair:6   | Reached skill level 5 in Earth Magic
 25609 | Lair:6   | Found a large runed translucent door.
 25609 | Lair:6   | Found a large runed translucent door.
 25993 | D:9      | Bought the ring of the Kraken {rF+ Will++ AC+4 Stlth+} for
                  | 856 gold pieces
 26153 | Orc:1    | Entered Level 1 of the Orcish Mines
 26160 | Orc:1    | Noticed an orc warlord
 26172 | Orc:1    | Killed an orc warlord
 26258 | Orc:1    | Offered knowledge of Lee's Rapid Deconstruction by Vehumet.
 26259 | Orc:1    | Noticed an orc warlord
 26834 | D:9      | Killed an orc warlord
 27133 | Orc:1    | Found a transporter.
 27298 | Orc:1    | Noticed Jisim's ghost (journeyman HuGl)
 27320 | Orc:1    | Found a transporter.
 27705 | Orc:2    | Entered Level 2 of the Orcish Mines
 27963 | Orc:2    | Found a burning altar of Makhleb.
 29048 | Orc:2    | Found a staircase to the Elven Halls.
 29483 | Orc:2    | Reached skill level 5 in Summonings
 29541 | Orc:2    | Offered knowledge of Conjure Ball Lightning by Vehumet.
 29686 | Orc:2    | Found Joem's Book Boutique.
 29689 | Orc:2    | Found Poybipp's Assorted Antiques.
 29690 | Orc:2    | Found Ehajeots's Magic Scroll Boutique.
 29691 | Orc:2    | Found Woup's Assorted Antiques.
 29962 | Orc:2    | Bought a steaming jade ring for 120 gold pieces
 29962 | Orc:2    | Identified the ring of Soytuip {rElec Str+6} (You bought it
                  | in a shop on level 2 of the Orcish Mines)
 30117 | D:10     | Entered Level 10 of the Dungeon
 30530 | D:10     | Found Joem's Antique Armour Boutique.
 30580 | D:10     | Found Ziosmyb's General Store.
 30943 | D:10     | Noticed Nergalle
 30944 | D:10     | Noticed Psyche
 30946 | D:10     | Killed Psyche
 30947 | D:10     | Reached XP level 15. HP: 99/99 MP: 14/28
 30948 | D:10     | Killed Nergalle
 31538 | Lair:6   | Identified the ring "Yxtuh" {rElec Will+++ Str-2 Int+2
                  | SInv}
 32207 | D:11     | Noticed Erica
 32209 | D:11     | Killed Erica
 34273 | D:13     | Found a gate to the Vaults.
 34725 | D:13     | Identified a scroll of acquirement
 34728 | D:13     | Acquired 397 gold pieces
 36004 | D:14     | Found a portal to a secret trove of treasure.
 36208 | D:14     | Reached ****** piety under Vehumet
 36425 | D:14     | Identified the +3 leather armour of Conscience {Stlth+}
 36808 | D:15     | Entered Level 15 of the Dungeon
 36842 | D:15     | Found a frozen archway.
 36842 | D:15     | Noticed an azure jelly
 36843 | D:15     | Offered knowledge of Starburst by Vehumet.
 36844 | D:15     | Killed an azure jelly
 36864 | IceCv    | Entered an ice cave
 38696 | IceCv    | Noticed an azure jelly
 38896 | IceCv    | Noticed an azure jelly
 38907 | IceCv    | Reached XP level 16. HP: 105/105 MP: 18/29
 39197 | IceCv    | Found a viscous altar of Jiyva.
 39385 | IceCv    | Identified the ring "Odutiuddip" {SInv Stlth+}
 39388 | IceCv    | Got the ring "Oron" {rC+ rCorr Str-4 Int+5 Dex-2}
 39390 | IceCv    | Identified the ring "Nysasuh" {rN+ Str+5}
 39965 | D:15     | Reached skill level 10 in Shields
 39965 | D:15     | Reached skill level 10 in Earth Magic
 40098 | D:15     | Found a glowing golden altar of the Shining One.
 40430 | D:15     | Offered knowledge of Orb of Destruction by Vehumet.
 40431 | D:15     | Reached skill level 15 in Conjurations
 40622 | D:15     | Found a staircase to the Depths.
 41071 | Lair:1   | Learned a level 6 spell: Iron Shot
 41144 | Swamp:1  | Entered Level 1 of the Swamp
 41829 | Swamp:1  | Noticed Frances
 41836 | Swamp:1  | Killed Frances
 42965 | Swamp:2  | Reached skill level 10 in Summonings
 43359 | Swamp:3  | Noticed a thorn hunter
 43364 | Swamp:3  | Killed a thorn hunter
 43805 | Swamp:3  | Offered knowledge of Lightning Bolt by Vehumet.
 43977 | Swamp:3  | Noticed Mara
 44767 | Swamp:3  | Noticed Mesmaeker13's illusion
 44962 | Swamp:3  | Killed Mara
 44963 | Swamp:3  | Reached XP level 17. HP: 111/111 MP: 5/30
 45185 | Swamp:4  | Entered Level 4 of the Swamp
 46167 | Swamp:4  | Got a decaying rune of Zot
 47252 | Swamp:4  | Offered knowledge of Maxwell's Capacitive Coupling by
                  | Vehumet.
 47620 | Lair:5   | Killed ziltoidlt's ghost
 47914 | Trove    | Entered a treasure trove
 47925 | Trove    | Identified the ring "Gaebeo" {rPois rN+ rCorr}
 47927 | Trove    | Identified the amulet of Perfectionism {Reflect rN+++ rCorr
                  | Str-3 Dex+4 SH+5}
 47937 | Trove    | Identified the ring of Modesty {rF+ Str+2}
 47939 | Trove    | Identified the ring "Doit" {rPois rF+ Dex+3 Stlth+}
 48187 | Spider:1 | Entered Level 1 of the Spider Nest
 49116 | Spider:1 | Noticed Aizul
 49514 | Lair:4   | Killed Aizul
 50476 | Spider:1 | Noticed Roxanne
 50775 | Spider:1 | Killed Roxanne
 52449 | Spider:2 | Reached XP level 18. HP: 92/117 MP: 15/31
 52624 | Spider:2 | You fall into a shaft and drop 1 floor!
 56709 | Spider:4 | Entered Level 4 of the Spider Nest
 56884 | Spider:4 | Identified the +5 mace of the Warrior {freeze, rPois Int+2
                  | Dex+6}
 57168 | Spider:4 | Noticed Donald
 57174 | Spider:4 | Killed Donald
 57779 | Spider:4 | Identified the +2 morningstar "Cushruwu" {venom, rN+ Dex+3}
 59956 | Spider:4 | Got a gossamer rune of Zot
 60160 | Lair:1   | Upgraded the game from 0.27-a0-1529-g1e82c303ef to
                  | 0.27-a0-1548-gf8a67e7463
 60332 | Elf:1    | Entered Level 1 of the Elven Halls
 61145 | Elf:1    | Got the Compendium of Companions
 61428 | Elf:1    | Identified the +3 leather armour of Qazlal's Approval
                  | {Int+6 Dex+7}
 61654 | Elf:2    | Noticed Asterion
 61670 | Elf:2    | Killed Asterion
 61753 | Elf:2    | Found a ruined gateway.
 61768 | Desolati | Entered the Desolation of Salt
 62063 | Desolati | Reached XP level 19. HP: 121/123 MP: 15/32
 62504 | Desolati | Identified the ring of Doubts {rPois rCorr AC+4}
 62510 | Desolati | Identified the amulet "Bosar" {Faith Int+8 Slay+3}
 62513 | Desolati | Identified the +1 spear "Grim Tooth" {venom, rC- Str+3
                  | Dex+5 Stlth+}
 63123 | Desolati | Reached skill level 1 in Fighting
 63247 | Desolati | Identified the ring "Zuti" {rCorr MP+9}
 63250 | Desolati | Got the Handbook of Ensnaring Transmutation
 63252 | Desolati | Identified the amulet "Fumyuru" {Spirit Will+ Str+4}
 63255 | Desolati | Identified the +9 plate armour of the Fiddle {Rampage rCorr
                  | Dex-4 Stlth+}
 63365 | Desolati | Identified the +5 battleaxe of Dissatisfaction {spect, rC+}
 63366 | Desolati | Identified the +0 chain mail "Ysoado" {Contam Regen+ Str+7}
 63638 | Desolati | Got Vehumet's Handbook of Combat Magic
 63669 | Desolati | Reached skill level 15 in Shields
 63832 | Elf:2    | Reached skill level 10 in Spellcasting
 64383 | Elf:2    | Noticed Azrael
 64857 | Elf:2    | Killed Azrael
 65310 | Elf:2    | Found a runed translucent gate.
 65311 | Elf:2    | Found a runed translucent gate.
 65312 | Elf:2    | Found a runed translucent gate.
 65486 | Elf:2    | Noticed Tuopar's ghost (journeyman SpBr)
 65819 | Elf:2    | Found Ewneapir's Magic Scroll Boutique.
 65828 | Elf:2    | Bought a scroll of acquirement for 780 gold pieces
 65829 | Elf:2    | Acquired 661 gold pieces
 66083 | Elf:2    | Found a runed translucent door.
 66092 | Elf:2    | Found a runed translucent door.
 66857 | Elf:2    | Offered knowledge of Lehudib's Crystal Spear by Vehumet.
 66857 | Elf:2    | Offered knowledge of Fire Storm by Vehumet.
 66857 | Elf:2    | Offered knowledge of Polar Vortex by Vehumet.
 67207 | Elf:3    | Entered Level 3 of the Elven Halls
 67227 | Elf:3    | Reached skill level 5 in Fighting
 67370 | Elf:3    | Found Mescha's Assorted Antiques.
 67812 | Elf:3    | Identified the +3 scale mail "Wutin" {rPois Will- Str+4}
 68697 | Elf:3    | Identified the +5 lajatang "Zuriusam" {speed, Drain +Rage
                  | rPois Dex+4}
 69191 | Elf:3    | Identified the ring "Wuduss" {Contam rF+++ MP+9 EV+4 Dex-5}
 69374 | Elf:3    | Reached XP level 20. HP: 130/150 MP: 13/35
 69675 | Elf:3    | Reached skill level 14 in Fire Magic
 69683 | Elf:3    | Identified the amulet of Uset {Spirit rElec rC- rN+}
 69688 | Elf:3    | Identified the +11 long sword of Death's Door {vorpal, Fly
                  | Str+6 SInv}
 69861 | Elf:3    | Identified the +3 trident of Kismet {vorpal, rCorr}
 69876 | Elf:3    | Identified the ring "Vyof" {Fly rF+}
 70728 | Elf:3    | Identified the +7 hunting sling of the Invisible Knives
                  | {venom, rF+ Int+3}
 70731 | Elf:3    | Identified the +1 falchion "Beetle's Nightmare" {venom,
                  | Dex+3}
 71301 | Depths:1 | Entered Level 1 of the Depths
 71826 | Depths:1 | Found a magical portal.
 71835 | WizLab   | Entered Wucad Mu's Monastery
 71845 | WizLab   | Learned a level 8 spell: Lehudib's Crystal Spear
 72792 | Depths:1 | Identified the ring "Kapnutao" {Wiz MP+9 SInv}
 72847 | Depths:1 | Found a gateway to Hell.
 73092 | Depths:1 | Identified the +0 pair of gloves of the Forest {rCorr MP+9}
 73092 | Depths:1 | Noticed Nikola
 73096 | Depths:1 | Found a white marble altar of Elyvilon.
 73108 | Depths:1 | Killed Nikola
 73410 | Depths:1 | Found a sacrificial altar of Ru.
 73945 | Depths:2 | Found Finkuol's Magic Scroll Shop.
 73954 | Depths:2 | Bought a scroll of acquirement for 572 gold pieces
 73954 | Depths:2 | Found Womeaw's Weapon Boutique.
 73962 | Depths:2 | Acquired the ring of Xujauboh {rElec rF+ rC+ rN+ Dex+3}
 75070 | Depths:2 | Found a sparkling altar of Nemelex Xobeh.
 75798 | Depths:3 | Noticed a caustic shrike
 75798 | Depths:3 | Noticed a caustic shrike
 75798 | Depths:3 | Found a runed translucent door.
 76186 | Depths:3 | Reached skill level 15 in Fire Magic
 76608 | Depths:3 | Reached XP level 21. HP: 155/167 MP: 26/38
 76673 | Depths:3 | Found a one-way gate leading to the halls of Pandemonium.
 76974 | Depths:3 | Reached skill level 10 in Fighting
 77148 | Depths:3 | Identified the +3 arbalest "Apposch Olos" {venom, Int+4
                  | Dex+4}
 77484 | Depths:3 | Found a one-way gate to the infinite horrors of the Abyss.
 77521 | Depths:3 | Noticed an ancient lich
 77789 | Depths:3 | Killed an ancient lich
 78794 | Depths:4 | Found a gateway to a ziggurat.
 79953 | Depths:4 | Noticed a caustic shrike
 79958 | Depths:4 | Reached skill level 16 in Fire Magic
 79969 | Depths:4 | Killed a caustic shrike
 80098 | Depths:4 | Identified the +8 great sword of Intuition {holy, Dex+4}
 80148 | Depths:4 | Identified the +6 battleaxe "Hakhlos" {vorpal, rPois rF+
                  | Str+8 Int+3}
 80396 | Depths:4 | Learned a level 8 spell: Ignition
 80398 | Depths:5 | Entered Level 5 of the Depths
 81882 | Depths:5 | Found a gate to the Realm of Zot.
 82110 | Depths:5 | Reached XP level 22. HP: 177/177 MP: 40/40
 82626 | Vaults:1 | Entered Level 1 of the Vaults
 82732 | Vaults:1 | Reached skill level 15 in Spellcasting
 83592 | Vaults:1 | Found Xoubrik's Magic Scroll Emporium.
 83599 | Vaults:1 | Bought a scroll of blinking for 127 gold pieces
 83820 | Vaults:1 | Got the Grimoire of Execration
 84220 | Vaults:1 | Got the Guide on Black Secrets
 84677 | Vaults:2 | Noticed Margery
 84681 | Vaults:2 | Killed Margery
 85054 | Vaults:2 | Found a staircase to the Crypt.
 85062 | Vaults:2 | Reached skill level 15 in Earth Magic
 85360 | Vaults:2 | Reached skill level 17 in Fire Magic
 88426 | Vaults:3 | Reached XP level 23. HP: 141/183 MP: 6/43
 89259 | Vaults:4 | Noticed Saint Roka
 89267 | Vaults:4 | Killed Saint Roka
 89548 | Vaults:4 | Reached skill level 18 in Fire Magic
 90802 | Vaults:5 | Entered Level 5 of the Vaults
 91501 | Vaults:5 | Identified the +5 dagger of Toothy Honour {flame, *Slow
                  | rF+++ Str+5 Dex-5}
 91501 | Vaults:5 | Identified the amulet "Maoziogo" {Spirit Will+ Str+2}
 91627 | Vaults:5 | Identified the +0 leather armour of Okyemaef {+Inv rElec
                  | rC++ Dex-5}
 91762 | Vaults:5 | Reached XP level 24. HP: 191/191 MP: 40/45
 91772 | Vaults:5 | Reached skill level 19 in Fire Magic
 91958 | Vaults:5 | Got a silver rune of Zot
 93437 | Vaults:5 | Noticed Sojobo
 93776 | Vaults:5 | Got Sophisticated Sorcery
 93797 | Vaults:5 | Identified the -2 pair of boots of the Eight of Swords
                  | {rPois Str+8}
 95098 | Crypt:1  | Entered Level 1 of the Crypt
 95784 | Crypt:1  | Noticed a royal mummy
 95793 | Crypt:1  | Noticed Khufu
 95798 | Crypt:1  | Killed a royal mummy
 95801 | Crypt:1  | Killed Khufu
 95802 | Crypt:1  | Noticed a royal mummy
 96044 | Crypt:1  | Killed a royal mummy
 97295 | Crypt:2  | Noticed Boris
 97307 | Crypt:2  | Killed Boris
 97944 | Crypt:3  | Entered Level 3 of the Crypt
 98139 | Crypt:3  | Reached skill level 20 in Fire Magic
 98647 | Crypt:3  | Found a staircase to the Tomb.
 98674 | Crypt:3  | Reached XP level 25. HP: 196/196 MP: 44/46
 99314 | Crypt:3  | Noticed a dread lich
 99716 | Crypt:3  | Killed a dread lich
 99873 | Crypt:3  | Got the Papyrus of Evil
 99884 | Crypt:3  | Acquired the +0 cloak of Vehumet's Outrage {rElec rPois rC-
                  | SInv}
100321 | Lair:1   | Upgraded the game from 0.27-a0-1548-gf8a67e7463 to
                  | 0.27-a0-1555-g0e7b3fb1d2
100337 | Lair:1   | Learned a level 9 spell: Fire Storm
100484 | Slime:1  | Entered Level 1 of the Pits of Slime
100508 | Slime:1  | Gained mutation: You are clumsy. (Dex -2) [a shining eye]
101449 | Slime:5  | Entered Level 5 of the Pits of Slime
101504 | Slime:5  | Gained mutation: You are frail. (-10% HP) [a shining eye]
101510 | Slime:5  | Noticed the Royal Jelly
101512 | Slime:5  | Killed the Royal Jelly
102191 | Slime:5  | Identified the +8 morningstar "Hydra's Undoing" {drain,
                  | *Rage rN+++ Str-3 SInv}
102207 | Slime:5  | Identified the +8 scythe of Success {vorpal, *Rage rF+
                  | Str+4 Dex+2}
102238 | Slime:5  | Got the Tome of the Damaging Entourage
102242 | Slime:5  | Got a slimy rune of Zot
102826 | D:9      | Upgraded the game from 0.27-a0-1555-g0e7b3fb1d2 to
                  | 0.27-a0-1557-g57f10a385c
102880 | Lair:1   | Learned a level 2 spell: Passwall
103412 | Depths:2 | Bought a scroll of summoning for 104 gold pieces
103555 | Depths:5 | Voluntarily entered the Abyss.
103730 | Abyss:1  | Reached skill level 21 in Fire Magic
104136 | Depths:5 | Escaped the Abyss
104173 | Depths:5 | Learned a level 5 spell: Lee's Rapid Deconstruction
104175 | Depths:5 | Voluntarily entered the Abyss.
104231 | Abyss:3  | Reached XP level 26. HP: 182/183 MP: 47/47
104267 | Abyss:3  | Identified the +6 scimitar "Laubown" {antimagic, rF++ rN++
                  | Str-5}
104486 | Abyss:4  | Gained mutation: You tend to lose your temper in combat. [a
                  | neqoxec]
104732 | Depths:5 | Escaped the Abyss
104778 | Depths:5 | Lost mutation: You are frail. (-10% HP) [potion of
                  | mutation]
104778 | Depths:5 | Lost mutation: You tend to lose your temper in combat.
                  | [potion of mutation]
104778 | Depths:5 | Lost mutation: You are clumsy. (Dex -2) [potion of
                  | mutation]
104778 | Depths:5 | Gained mutation: You are agile. (Dex +2) [potion of
                  | mutation]
104781 | Depths:5 | Voluntarily entered the Abyss.
104784 | Abyss:1  | Found a shadowy altar of Dithmenos.
104797 | Abyss:1  | Found a corrupted altar of Lugonu.
104803 | Abyss:1  | Noticed a dread lich
105046 | Abyss:3  | Gained mutation: You are frail. (-10% HP) [a cacodemon]
105086 | Abyss:3  | Got an abyssal rune of Zot
105099 | Depths:5 | Escaped the Abyss
105401 | Zot:1    | Entered Level 1 of the Realm of Zot
107883 | Zot:2    | You fall into a shaft and drop 1 floor!
107972 | Zot:3    | Reached XP level 27. HP: 189/189 MP: 25/47
108378 | Zot:3    | Reached skill level 22 in Fire Magic
111433 | Zot:4    | Noticed an orb of fire
111441 | Zot:4    | Killed an orb of fire
111571 | Zot:4    | Reached skill level 15 in Dodging
112664 | Zot:4    | Noticed an orb of fire
112667 | Zot:4    | Killed an orb of fire
112833 | Zot:4    | Identified the +8 hand axe of Mengeq {flame, rF+}
112943 | Zot:5    | Entered Level 5 of the Realm of Zot
113241 | Zot:5    | Identified the +0 great mace of the Evening {vamp, rPois
                  | Str+4}
113675 | Zot:5    | Noticed an orb of fire
113677 | Zot:5    | Noticed an orb of fire
113679 | Zot:5    | Killed an orb of fire
113900 | Zot:5    | Noticed an ancient lich
113903 | Zot:5    | Noticed a dread lich
113904 | Zot:5    | Killed an ancient lich
113907 | Zot:5    | Noticed an ancient lich
113912 | Zot:5    | Killed a dread lich
114102 | Zot:5    | Killed an orb of fire
114202 | Zot:5    | Reached skill level 23 in Fire Magic
114263 | Zot:5    | Killed an ancient lich
114397 | Zot:5    | Noticed a dread lich
114402 | Zot:5    | Killed a dread lich
114459 | Zot:5    | Noticed an orb of fire
114463 | Zot:5    | Killed an orb of fire
114474 | Zot:5    | Noticed an orb of fire
114475 | Zot:5    | Gained mutation: Your body sometimes deteriorates upon
                  | taking damage. [an orb of fire]
114484 | Zot:5    | Killed an orb of fire
114691 | Zot:5    | Noticed a dread lich
114700 | Zot:5    | Killed a dread lich
115158 | Zot:5    | Noticed an ancient lich
115162 | Zot:5    | Killed an ancient lich
115510 | Depths:5 | Lost mutation: You are agile. (Dex +2) [potion of mutation]
115510 | Depths:5 | Lost mutation: You are frail. (-10% HP) [potion of
                  | mutation]
115510 | Depths:5 | Gained mutation: You are occasionally teleported next to
                  | monsters. [potion of mutation]
115510 | Depths:5 | Gained mutation: Your system is resistant to poisons.
                  | (rPois) [potion of mutation]
115511 | Depths:5 | Lost mutation: Your body sometimes deteriorates upon taking
                  | damage. [potion of mutation]
115511 | Depths:5 | Lost mutation: You are occasionally teleported next to
                  | monsters. [potion of mutation]
115511 | Depths:5 | Gained mutation: You passively map a small area around you.
                  | [potion of mutation]
115511 | Depths:5 | Gained mutation: You tend to lose your temper in combat.
                  | [potion of mutation]
116398 | Hell     | Entered the Vestibule of Hell
116398 | Hell     | Noticed Geryon
116413 | Hell     | Killed Geryon
116761 | Hell     | Found a gateway to the decaying netherworld of Tartarus.
116907 | Hell     | Found a gateway to the ashen valley of Gehenna.
117174 | Hell     | Found a gateway to the Iron City of Dis.
117367 | Hell     | Found a gateway to the freezing wastes of Cocytus.
117704 | Depths:1 | Learned a level 9 spell: Shatter
117732 | Geh:1    | Entered Level 1 of Gehenna
119265 | Geh:4    | Reached skill level 24 in Fire Magic
120292 | Depths:2 | Bought a scroll of magic mapping for 38 gold pieces
120298 | Depths:2 | Bought a +0 eveningstar of holy wrath for 435 gold pieces
120516 | Vaults:1 | Bought a scroll of enchant weapon for 127 gold pieces
120516 | Vaults:1 | Bought a scroll of enchant weapon for 127 gold pieces
120976 | Geh:1    | Reached skill level 1 in Maces & Flails
121965 | Geh:4    | Reached skill level 5 in Maces & Flails
122442 | Geh:6    | Noticed an ancient lich
122450 | Geh:6    | Killed an ancient lich
123117 | Geh:7    | Entered Level 7 of Gehenna
123674 | Geh:7    | Identified the amulet "Boage" {Regen+ Int+7}
123710 | Geh:7    | Reached skill level 10 in Maces & Flails
124181 | Geh:7    | HP: 5/211 [Brimstone Fiend/damnation (28)]
124181 | Geh:7    | HP: 1/211 [Brimstone Fiend[the effects of Hell] (4)]
125824 | Geh:7    | Found the +7 sceptre of Asmodeus
125824 | Geh:7    | Noticed Asmodeus
126336 | Geh:7    | Killed Asmodeus
126352 | Geh:7    | Got an obsidian rune of Zot
126498 | Tar:1    | Entered Level 1 of Tartarus
127161 | Tar:1    | Slain by a reaper

Illustrated notes

Levels and vault maps discovered:
D:1:      saegor_arrival_simple_a, layout_rooms, serial_corexii_hall,
          corexii_hall_statues_x, corexii_hall_statues_l, serial_shops, shop,
          ebering_ecumenical_altar_petrified
D:2:      layout_basic, lexackson_kobold_supper
D:3:      layout_basic, mainiacjoe_overflow_paths
D:4:      layout_rooms, kennysheep_little_box,
          mainiacjoe_overflow_surrounded_room, uniq_natasha, uniq_sigmund
D:5:      layout_cave_pods, gammafunk_temple_overflow_forgotten,
          amcnicky_altar_gilded, mainiacjoe_overflow_catwalk_spiral,
          minmay_fountain_box, chequers_hall_statues_y, patterned_corridor
D:6:      layout_rooms, mainiacjoe_overflow_24_doors, zin_academy,
          lightli_sewer_entry_pipes, uniq_blork_the_orc, uniq_grinder,
          uniq_menkaure
D:7:      layout_basic, minmay_temple_entry_tees, enter_bailey_5
D:8:      minmay_evil_eye, layout_basic, grunt_temple_overflow_forces_of_nature,
          lair_entry_dummy, kennysheep_generic_room_16
D:9:      layout_basic, orc_0_dummy, serial_shops, kennysheep_mini_moat,
          nicolae_diamond_shop, nicolae_shop_statue_plus, shop,
          nicolae_lakefront_shop
D:10:     layout_loops_corners, serial_shops,
          nicolae_shop_temple_entry_statues_fountains, shop, uniq_psyche,
          uniq_nergalle
D:11:     layout_roguey, kennysheep_dice, uniq_erica
D:12:     layout_cave_pools
D:13:     layout_loops_cross, david_vaults_2
D:14:     layout_cave_pools, hangedman_abyss_or_decor_lesser_grid,
          nicolae_trove_entry_free_sample, small_statue_intersection
D:15:     gammafunk_enter_depths_forms, layout_loops_ring,
          nicolae_tso_carved_into_rock, portal_ice_cave_entry_frozen_things
Lair:1:   layout_regular_city, minivault_25
Lair:2:   layout_chaotic_city, st_stairs_5
Lair:3:   layout_roguey, st_stairs_12
Lair:4:   layout_cave_shapes, minmay_swamp_entry_swarm, spider_nest_entry_a,
          minivault_23, eino_small_chamber_without_monster,
          hangedman_lair_generics_rect, infiniplex_staircase_pool_2
Lair:5:   layout_gridlike, gammafunk_ghost_hydra_chop, beast_lair_carwin_5,
          lemuel_fruit_fields, infiniplex_staircase_pool
Lair:6:   cheibrodos_lair_end_hotspot, layout_gridlike, dpeg_slime_entry_corner,
          basic_altar, minmay_lair_oklob_bushes, uniq_kirke
Swamp:1:  layout_basic_swamp, serial_swamp_ruin, hangedman_swamp_ruin_wall,
          evilmike_swamp_ruin_house_1, uniq_frances
Swamp:2:  layout_basic_swamp, evilmike_swamp_ruin_house_2
Swamp:3:  layout_basic_swamp, evilmike_swamp_ruin_house_5, uniq_mara
Swamp:4:  swamp_alternative, layout_basic_swamp, swamp_pool4,
          evilmike_swamp_ruin_house_3
Spider:1: layout_spider_delve, hangedman_spider_tarantella_strand, uniq_roxanne,
          uniq_aizul
Spider:2: layout_spider_delve, nicolae_spider_acid_house
Spider:3: layout_chambers, drop_trap, nicolae_spider_rock_and_or_roll
Spider:4: guppyfry_spider_rune, uniq_donald
Slime:1:  cheibrodos_slime_lost_civilization_2, layout_caves
Slime:2:  layout_caves
Slime:3:  cheibrodos_slime_lost_civilization_10, layout_caves
Slime:4:  layout_caves
Slime:5
Orc:1:    layout_diamond_mine, gammafunk_ghost_stat_death
Orc:2:    st_orc_pillars, layout_diamond_mine, basic_altar
Elf:1:    minmay_elf_arrival_plus, layout_geoelf_grid, minmay_elf_demonology
Elf:2:    layout_loops_corners, serial_shops, shop,
          gammafunk_ghost_tricky_traps, special_room [special_room_orc],
          portal_desolation_entry_garden, uniq_asterion, uniq_azrael
Elf:3:    minmay_elf_hall_statues, layout_geoelf_octagon, serial_shops, shop,
          ebering_dispersal_statue_hall
Vaults:1: vaults_dpeg_doors, nicolae_vaults_network_periphery,
          dpeg_vaults_monster_box, nicolae_vaults_asterisk, v_misc_1,
          vaults_room_guarded_vault, vaults_room_corners,
          layout_vaults_omnicross, serial_hangedman_research,
          hangedman_research_thanatology, hangedman_research_probablistics,
          serial_shops, nicolae_shop_trees
Vaults:2: v_misc_5, minmay_crypt_entry_vampire_xt, vaults_room_pools, v_rooms_3,
          nicolae_vaults_little_squares_3, hangedman_vaults_pinch, v_misc_1,
          v_misc_5, grunt_vaults_bifocal, vaults_standard_mumra_x,
          nicolae_vaults_rhombus_7, vaults_room_hallway, st_more_cells,
          ontoclasm_vaults_gateway, layout_vaults_ring, uniq_margery
Vaults:3: v_misc_13, vaults_room_fancy_cross, hangedman_vaults_hat,
          hangedman_vaults_slice, nicolae_vaults_octagons, vaults_dpeg_diagonal,
          v_misc_31, nicolae_vaults_little_squares_4,
          nicolae_vaults_diagonal_hallway_8, layout_vaults_omnigrid
Vaults:4: grunt_vaults_funnel, hangedman_vaults_stagger,
          ontoclasm_vaults_shuriken, vaults_room_corners,
          nicolae_vaults_rhombus_7, vaults_standard_mumra_lines, v_misc_28,
          vaults_mumra_chevron, grunt_vaults_hallway_short, v_misc_5,
          layout_vaults_big_room, uniq_saint_roka
Vaults:5: uniq_sojobo
Crypt:1:  layout_basic, minmay_misc_feat_hallway, uniq_khufu
Crypt:2:  layout_rooms, grunt_megastairs_4, uniq_boris
Crypt:3:  david_glass_crypt, layout_basic, tomb_entry_simple_bobbens
Depths:1: layout_gridville, elyvilon_altar_1, hangedman_coc_ice_floe,
          mu_enter_wizlab_3, grunt_ministairs_14,
          nicolae_ru_great_annihilating_truth, uniq_nikola
Depths:2: lemuel_troll_bridge, layout_basic, pf_dread_powers_of_hell,
          nemelex_lonely_heart_becter, minmay_staircase_windowed_large,
          serial_bayou_shore_a, minmay_shoptagon
Depths:3: cheibrodos_cascadia, layout_cross, nicolae_benzene_ring,
          grunt_mini_vestibule, abyss_entry, grunt_pan_entry_spiral,
          minmay_st_funbox, serial_bayou_shore_b
Depths:4: minmay_the_grid_octo_2x2 [minmay_the_grid_octo_focus,
          minmay_the_grid_octo_fan_narrow, minmay_the_grid_octo_checkerflower,
          minmay_the_grid_octo_prize_ultimate_mussel_roller], layout_cave_pools,
          enter_ziggurat_f, hellmouth_1, minmay_misc_feat_pillars,
          abyss_entry_crystal, serial_bayou_pond_e, minmay_staircase_statues
Depths:5: evilmike_zot_entry_argh, layout_basic, minmay_room_of_horrors,
          serial_curves, eino_curves_04, eino_curves_01, hell_entry
Hell
Geh:1:    layout_gehenna_lava_caves
Geh:2:    grunt_deathspiral_small, layout_gehenna_pools_basic
Geh:3:    layout_gehenna_pools_triple
Geh:4:    layout_gehenna_pools_basic
Geh:5:    layout_gehenna_lava_caves
Geh:6:    layout_gehenna_pools_basic, nicolae_geh_amphitheater
Geh:7:    geh_grunt_pentagon
Tar:1:    layout_honeycomb, nicolae_tar_cuneiform_bird
Zot:1:    layout_cathedral_of_symmetry, grunt_megastairs_5
Zot:2:    lemuel_acid_trip, layout_onion_interference
Zot:3:    layout_basic
Zot:4:    layout_onion_interference, st_stairs_13, hangedman_player_shredder
Zot:5:    layout_concentric_octagons

Skill      XL: |  1  2  3  4  5  6  7  8  9 10 11 12 13 14 15 16 17 18 19 20 21 22 23 24 25 26 27 |
---------------+----------------------------------------------------------------------------------+-----
Dodging        | 2 3 4 5 6 7 8 10 11 12 14 16 | 16.5
Conjurations   | 2 3 4 5 6 8 9 10 11 12 13 14 15 16 18 19 23 | 23.5
Spellcasting   | 3 7 9 11 13 14 16 18 19 20 | 20.0
Fire Magic     | 4 5 6 7 8 10 11 12 13 15 16 17 18 20 21 24 | 24.1
Hexes          | 4 6 |  6.0
Shields        | 4 7 9 11 13 14 15 16 | 16.2
Earth Magic    | 4 7 9 10 11 12 14 15 17 18 19 20 23 | 23.5
Summonings     | 5 8 10 12 14 | 14.2
Fighting       | 6 9 10 11 | 11.3
Maces & Flails | 12 | 12.1
Stealth        | |  1.7

Action                   |  1- 3 |  4- 6 |  7- 9 | 10-12 | 13-15 | 16-18 | 19-21 | 22-24 | 25-27 || total
-------------------------+-------+-------+-------+-------+-------+-------+-------+-------+-------++-------
Melee: Long sword        |     5 |     8 |       |       |       |       |       |       |       ||    13
       Tailslap          |     1 |     3 |     3 |    12 |    18 |    22 |    37 |    44 |    79 ||   219
       Dagger            |       |    29 |    40 |    56 |       |       |       |       |       ||   125
       Staff             |       |       |       |    43 |   218 |   160 |   229 |   250 |   367 ||  1267
       War axe           |       |       |       |       |     7 |       |       |       |       ||     7
       Double sword      |       |       |       |       |       |    80 |    10 |       |    18 ||   108
       Eveningstar       |       |       |       |       |       |       |       |       |   258 ||   258
Throw: Dart              |       |       |       |       |       |     1 |       |     2 |       ||     3
 Cast: Foxfire           |    47 |   100 |   142 |   145 |    12 |       |       |       |       ||   446
       Sticky Flame      |       |     4 |    18 |    90 |   161 |   112 |       |       |       ||   385
       Fireball          |       |       |       |    32 |   115 |   146 |   101 |    21 |    55 ||   470
       Bolt of Magma     |       |       |       |    12 |   269 |   277 |   163 |   174 |    91 ||   986
       Magic Dart        |       |       |       |       |    39 |    17 |     1 |       |       ||    57
       Spellforged Servi |       |       |       |       |     3 |    50 |   183 |   131 |   265 ||   632
       Inner Flame       |       |       |       |       |     1 |     6 |     7 |       |       ||    14
       Iron Shot         |       |       |       |       |       |    49 |   161 |   140 |   602 ||   952
       Ignition          |       |       |       |       |       |       |     2 |    69 |   149 ||   220
       Lee's Rapid Decon |       |       |       |       |       |       |       |       |    44 ||    44
       Shatter           |       |       |       |       |       |       |       |       |    23 ||    23
       Lehudib's Crystal |       |       |       |       |       |       |       |       |     1 ||     1
 Abil: Breathe Dispellin |       |       |    10 |     4 |     2 |     2 |     1 |     1 |     3 ||    23
Evoke: Wand              |       |       |     8 |    24 |    16 |    22 |     8 |       |     5 ||    83
  Use: Scroll            |     2 |     4 |     6 |    13 |    13 |     9 |     8 |     9 |    25 ||    89
       Potion            |       |       |       |     1 |     1 |     2 |     4 |     5 |    18 ||    31
 Stab: Sleeping          |     1 |       |       |       |       |       |     1 |       |       ||     2
       Distracted        |       |       |       |       |       |       |     7 |    11 |     8 ||    26
       Invisible         |       |       |       |       |       |       |     1 |       |       ||     1
Armor: Skin              |     4 |    34 |    39 |   132 |   207 |   279 |   125 |   109 |   209 ||  1138
Dodge: Dodged            |    17 |    68 |   148 |   337 |   492 |   478 |   271 |   216 |   686 ||  2713
       Repelled          |       |       |       |       |     8 |     9 |    25 |     9 |    52 ||   103
Block: Kite shield       |       |       |       |       |    22 |   632 |   419 |   395 |  1109 ||  2577
       Reflection        |       |       |       |       |       |     3 |    44 |    43 |    22 ||   112
       Rpst.: Long sword |     3 |     5 |       |       |       |       |       |       |       ||     8
       Double sword      |       |       |       |       |       |    11 |     1 |       |     5 ||    17

Table legend: (Time is in decaauts)
 A = Elapsed time spent in this place.
 B = Non-inter-level travel time spent in this place.
 C = Inter-level travel time spent in this place.
 D = Time resting spent in this place.
 E = Time spent auto-exploring this place.
 F = Levels seen in this place.
 G = Mean time per level.
                   A        B        C        D        E       F      G
               +--------+--------+--------+--------+--------+-----+--------+
         Total | 128136 | 118735 |   9401 |  48847 |  39562 |  78 | 1642.8 |
       Dungeon |  24619 |  21190 |   3429 |   6245 |  11242 |  15 | 1641.3 |
          Lair |  15682 |  14350 |   1332 |   6961 |   4613 |   6 | 2613.7 |
         Swamp |   6576 |   6383 |    193 |   3279 |   2220 |   4 | 1644.0 |
   Spider Nest |  10514 |  10192 |    322 |   4986 |   3410 |   4 | 2628.5 |
    Slime Pits |   2227 |   2213 |     14 |   1176 |    298 |   5 |  445.4 |
  Orcish Mines |   3491 |   3060 |    431 |    969 |   1182 |   2 | 1745.5 |
   Elven Halls |   8510 |   8229 |    281 |   3738 |   2109 |   3 | 2836.7 |
        Vaults |  13223 |  12006 |   1217 |   3082 |   6581 |   5 | 2644.6 |
         Crypt |   5000 |   4715 |    285 |   1899 |   1587 |   3 | 1666.7 |
        Depths |  11819 |  11042 |    777 |   4481 |   3606 |   5 | 2363.8 |
          Hell |   3987 |   3869 |    118 |   2888 |    447 |   1 | 3987.0 |
       Gehenna |   5724 |   5242 |    482 |   1443 |      0 |   7 |  817.7 |
      Tartarus |    298 |    298 |      0 |     86 |      0 |   1 |  298.0 |
           Zot |  10155 |   9641 |    514 |   4523 |   2205 |   5 | 2031.0 |
         Abyss |   1475 |   1475 |      0 |     45 |      0 |   8 |  184.4 |
         Trove |     36 |     36 |      0 |      0 |      0 |   1 |   36.0 |
      Ice Cave |   2614 |   2614 |      0 |   1900 |     59 |   1 | 2614.0 |
        Wizlab |    167 |    167 |      0 |     30 |      0 |   1 |  167.0 |
    Desolation |   2010 |   2010 |      0 |   1114 |      0 |   1 | 2010.0 |
               +--------+--------+--------+--------+--------+-----+--------+

Top non-repeatable levels by time:
    Hell: 3987 daAuts
  Lair:4: 3914 daAuts
   Elf:3: 3693 daAuts
Spider:3: 3512 daAuts
     D:8: 3379 daAuts
   Elf:2: 3254 daAuts
Vaults:5: 3202 daAuts
     D:9: 3094 daAuts
Vaults:4: 2951 daAuts
  Lair:6: 2820 daAuts
Vaults:2: 2675 daAuts
   IceCv: 2614 daAuts
Spider:2: 2588 daAuts
Spider:4: 2549 daAuts
  Lair:5: 2534 daAuts
